 Dungeon Crawl Stone Soup version 0.17-a0-1646-geb1493d (webtiles) character file.

23 maniek23 the Poker (level 2, -1/25 HPs)
             Began as a Merfolk Chaos Knight on Aug 9, 2015.
             Slain by an adder (4 damage)
             ... on level 2 of the Dungeon.
             The game lasted 00:02:29 (842 turns).

maniek23 the Poker (Merfolk Chaos Knight)            Turns: 842, Time: 00:02:29

Health: -1/25      AC:  5    Str: 12    XL:     2   Next: 95%
Magic:  2/2        EV: 12    Int: 11    God:    Xom [......]
Gold:   63         SH:  0    Dex: 13    Spells: 0 memorised, 1 level left

rFire  . . .     SeeInvis .     a - +0 spear (chaos)
rCold  . . .     Clarity  .     b - +2 leather armour
rNeg   . . .     SustAt   .     (no shield)
rPois  .         Gourm    .     (no helmet)
rElec  .         Spirit   .     (no cloak)
rCorr  .         Warding  .     (no gloves)
rMut   .         Stasis   .     (no boots)
MR     .....                    (no amulet)
Stlth  +.........               (no ring)
                                (no ring)

@: drained, not resistant to hostile enchantments, very unstealthy
A: change form in water, swift swim
a: Renounce Religion


You were on level 2 of the Dungeon.
You worshipped Xom.
You were a very special plaything of Xom.
You were not hungry.

You visited 1 branch of the dungeon, and saw 2 of its levels.

You collected 63 gold pieces.

Inventory:

Hand weapons
 a - a +0 spear of chaos (weapon)
Missiles
 t - 8 javelins (quivered)
Armour
 b - a +2 leather armour (worn)
Magical devices
 m - a wand of digging (19)
Scrolls
 d - a scroll of blinking {unknown}
 e - a scroll of remove curse {unknown}
 f - a scroll of identify {unknown}
 i - a scroll of teleportation {unknown}
 j - a scroll of enchant weapon {unknown}
 l - a scroll of recharging {unknown}
Potions
 k - 2 potions of might {unknown}
 n - a potion of cure mutation {unknown}
 q - a potion of agility {unknown}
 r - 2 potions of resistance {unknown}
 s - a potion of brilliance {unknown}
Comestibles
 c - a bread ration
 g - 6 chunks of flesh
 h - a meat ration
 o - a beef jerky
 p - a royal jelly


   Skills:
 + Level 3.7(2.6) Fighting
 + Level 5.1(4.0) Polearms
 - Level 0.6(0.0) Armour
 - Level 3.1(2.0) Dodging
 - Level 0.2(0.0) Stealth


You had one spell level left.
You didn't know any spells.

Dungeon Overview and Level Annotations

Branches:
Dungeon (2/15)

Altars:


Message History

Something bites you but does no damage. Something bites you.
You hit something but do no damage. Something bites you but does no damage.
You hit something.
You heal something.
Xom thinks this is hilarious!
Something bites you.
You miss something. Something bites you but does no damage.
You hit something. Something bites you. Something bites you but does no damage.
You miss something. Something bites you but does no damage.
You miss something. Something bites you.
You miss something. Something bites you.
You closely miss something. Something bites you.
* * * LOW HITPOINT WARNING * * *
You closely miss something. Something bites you but does no damage.
You hit something.
Nothing appears to happen.
Something bites you.
* * * LOW HITPOINT WARNING * * *
Something bites you but does no damage.
You hit something but do no damage. Something bites you.
You die... "I guess I need a new plaything now."

..... ...... ##
...... ... #....
....####... #......#
###### #...###
##....## .
#..#.{.###
##......## ##.# #.
###@..####........##
##.## ..
###..............#
#.. .#
#####....[.....# ...
# #......)...>## #.#
#.###......## ##.#
#######.# ##....##
.#.### ###.......#
###### .....##
#.........# .)....#
###.##......#


There were no monsters in sight!

Vanquished Creatures
  A giant cockroach (D:1)
  5 hobgoblins
  4 bats
  A giant newt (D:2)
  5 goblins
  5 rats
21 creatures vanquished.

Notes
Turn   | Place    | Note
--------------------------------------------------------------
     0 | D:1      | maniek23 the Merfolk Chaos Knight began the quest for the Orb.
     0 | D:1      | Reached XP level 1. HP: 18/18 MP: 1/1
    42 | D:1      | XOM: harmless Summ miscast
    62 | D:1      | XOM: potion effect (berserk rage)
   108 | D:1      | XOM: summons 2 hostile shadow creatures
   130 | D:1      | XOM: butterfly on damage
   137 | D:1      | Reached XP level 2. HP: 14/24 MP: 2/2
   621 | D:1      | XOM: draining
   730 | D:2      | Reached skill level 5 in Polearms
   842 | D:2      | Slain by an adder

Vault maps used:
D:1:      minmay_arrival_five_plusses

Action                   || total
-------------------------++-------
Melee: Spear             ||    92
 Stab: Paralysed         ||     2
       Petrifying        ||     1
       Sleeping          ||     1
  Eat: Chunk             ||     1
